 Dungeon Crawl Stone Soup version 0.29-a0-194-g6e3aafee17 (webtiles) character file.

Game seed: 9354316822569669541

767 fragbeetle the Quickloader (level 7, -6/57 HPs)
             Began as a Minotaur Hunter on Feb 23, 2022.
             Mangled by an ice beast (14 damage)
             ... on level 6 of the Dungeon.
             The game lasted 00:07:08 (3905 turns).

fragbeetle the Quickloader (Minotaur Hunter)        Turns: 3905, Time: 00:07:09

Health: -6/57      AC:  5    Str: 16    XL:     7   Next: 52%
Magic:  6/6        EV: 11    Int:  8    God:
Gold:   267        SH:  0    Dex: 13    Spells: 6/6 levels left

rFire   . . .      SeeInvis .   a - +1 hand crossbow
rCold   . . .      Faith    .   (no shield)
rNeg    . . .      Spirit   .   i - +0 ring mail
rPois   .          Reflect  .   (helmet restricted)
rElec   .          Harm     .   (no cloak)
rCorr   .          Rampage  .   (no gloves)
Will    .....                   (no boots)
Stlth   +.........              (no amulet)
HPRegen 0.19/turn               (no ring)
MPRegen 0.10/turn               (no ring)

@: no status effects
A: horns 2, retaliatory headbutt
a: no special abilities


You were on level 6 of the Dungeon.
You visited 1 branch of the dungeon, and saw 6 of its levels.

You collected 267 gold pieces.

Inventory:

Hand Weapons
 a - a +1 hand crossbow (weapon)
 b - a +1 dagger of venom
 f - a +0 arbalest
 p - a +0 hand axe
Armour
 i - a +0 ring mail (worn)
 s - a +0 leather armour
Jewellery
 j - an amulet of faith
Wands
 x - a wand of flame (13)
Scrolls
 c - 2 scrolls of magic mapping {unknown}
 d - 6 scrolls of identify {unknown}
 e - a scroll of enchant armour {unknown}
 m - a scroll of brand weapon {unknown}
 q - a scroll of amnesia {unknown}
 r - a scroll of immolation {unknown}
 t - a scroll of noise {unknown}
 u - a scroll of fear {unknown}
 v - a scroll of teleportation {unknown}
Potions
 g - 2 potions of mutation {unknown}
 h - 3 potions of heal wounds {unknown}
 l - 2 potions of attraction {unknown}
 n - a potion of cancellation {unknown}
 o - 2 potions of might {unknown}
 w - 3 potions of curing {unknown}


   Skills:
 + Level 3.5 Fighting
 - Level 10.0 Crossbows
 - Level 2.1 Dodging
 - Level 0.7 Stealth


You had 6 spell levels left.
You didn't know any spells.
Your spell library contained the following spells:

 Spells                   Type           Power      Damage    Failure   Level
 Slow                     Hex            0%         N/A       63%         1
 Confusing Touch          Hex            0%         N/A       94%         3
 Ozocubu's Armour         Ice            0%         N/A       94%         3
 Summon Guardian Golem    Hex/Summ       0%         N/A       94%         3
 Vampiric Draining        Necr           0%         2d6       94%         3
 Orb of Destruction       Conj           0%         9d5       100%        7
 Ozocubu's Refrigeration  Ice            0%         4d5       100%        7
 Spellforged Servitor     Conj/Summ      0%         N/A       100%        7


Dungeon Overview and Level Annotations

Branches:
Dungeon (6/15)
 Temple: D:4-7

Altars:

Shops:
D:2 =

Annotations:
D:5 Grinder


Innate Abilities, Weirdness & Mutations

You have a pair of horns on your head.
You reflexively headbutt those who attack you in melee.


Message History

You shoot a bolt.
The bolt hits the ice beast but does no damage.
You shoot a bolt. The bolt hits the ice beast!
The ice beast is moderately wounded.
The ice beast hits you. The ice beast freezes you!
You shoot a bolt.
The bolt hits the ice beast but does no damage.
The ice beast is moderately wounded.
The ice beast hits you but does no damage.
You shoot a bolt. The bolt hits the ice beast!
The ice beast is heavily wounded.
The ice beast misses you. You furiously retaliate!
You headbutt the ice beast, but do no damage.
The ice beast closely misses you.
You shoot a bolt. The bolt hits the ice beast.
The ice beast is severely wounded.
The ice beast hits you. The ice beast freezes you!
You are too injured to fight recklessly!
You are too injured to fight recklessly!
Shoot: a) +1 hand crossbow
Press: ? - help, Shift-Dir - straight line, f/p - ice beast
Aim: an ice beast (severely wounded)
You shoot a bolt. The bolt barely misses the ice beast.
The ice beast hits you. The ice beast freezes you.
Shoot: a) +1 hand crossbow
Press: ? - help, Shift-Dir - straight line, f/p - ice beast
Aim: an ice beast (severely wounded)
You shoot a bolt. The bolt barely misses the ice beast.
The ice beast hits you. The ice beast freezes you!
* * * LOW HITPOINT WARNING * * *
Unknown command.
Aiming: Throw Flame
Press: ? - help, Shift-Dir - straight line, f/p - ice beast
Aim: an ice beast (severely wounded, 68% to hit)
The puff of flame hits the ice beast but does no damage.
The ice beast is severely wounded.
The ice beast hits you.
* * * LOW HITPOINT WARNING * * *
The ice beast freezes you!
You die...

#.# ...... #.# #.##.#
#.#######.##.#
##)#.......##.#
##..........##.####.#
#...........##......#
#............<....>.#
#...........######.##
##......@....... #
####...Y...####
#...........#
#.###.#####.# # #.#
#.# #.#.# #.# #.#
#....#. #.#
#.###....... #.#
#......# #.# #####..#


You could see an ice beast.

Vanquished Creatures
  Menkaure (D:5)
  2 centaurs
  Blork the orc (D:5)
  2 scorpions
  A centaur zombie (D:6)
  A bullfrog zombie (D:5)
  2 hounds
  Jessica (D:2)
  An iguana (D:5)
  A hound zombie (D:5)
  3 adders
  A shadow imp (D:6)
  An adder skeleton (D:2)
  A dart slug (D:1)
  An orc (D:3)
  4 ball pythons
  5 endoplasms
  3 giant cockroaches
  7 goblins
  8 hobgoblins
  8 jackals
  6 quokkas
  2 bats
  2 frilled lizards
  7 kobolds
  8 rats
80 creatures vanquished.

Notes
Turn   | Place    | Note
-------+----------+-------------------------------------------
     0 | D:1      | fragbeetle the Minotaur Hunter began the quest for the Orb.
     0 | D:1      | Reached XP level 1. HP: 18/18 MP: 0/0
    37 | D:1      | Reached XP level 2. HP: 23/25 MP: 1/1
    38 | D:1      | Reached skill level 5 in Crossbows
   496 | D:1      | Reached XP level 3. HP: 30/30 MP: 2/2
   910 | D:2      | Noticed a necrophage
   970 | D:2      | Found a faded altar of an unknown god.
  1027 | D:2      | Noticed Jessica
  1029 | D:2      | Killed Jessica
  1030 | D:2      | Reached skill level 6 in Crossbows
  1030 | D:2      | Reached XP level 4. HP: 37/37 MP: 3/3
  1034 | D:2      | Found Munluuf's One-of-a-Kind Rings.
  1653 | D:3      | Noticed an ogre
  2437 | D:4      | Reached skill level 7 in Crossbows
  2437 | D:4      | Reached XP level 5. HP: 28/42 MP: 4/4
  2736 | D:5      | Entered Level 5 of the Dungeon
  2757 | D:5      | Noticed Grinder
  2818 | D:5      | Noticed Blork the orc
  3120 | D:5      | Killed Blork the orc
  3121 | D:5      | Reached skill level 8 in Crossbows
  3121 | D:5      | Reached XP level 6. HP: 23/50 MP: 5/5
  3193 | D:5      | Noticed Menkaure
  3202 | D:5      | Killed Menkaure
  3203 | D:5      | Reached skill level 9 in Crossbows
  3446 | D:5      | Reached XP level 7. HP: 17/56 MP: 6/6
  3496 | D:5      | Paralysed by Grinder for 3 turns
  3818 | D:6      | Reached skill level 10 in Crossbows
  3905 | D:6      | Mangled by an ice beast

Illustrated notes

Levels and vault maps discovered:
D:1:      psy_arrival_radial02, layout_basic, chequers_arboretum,
          hangedman_decor_growths
D:2:      layout_loops_cross, hellmonk_ecumenical_altar_heavens_door,
          nicolae_shop_unique_rings, uniq_jessica
D:3:      layout_rooms
D:4:      layout_gridville
D:5:      layout_rooms, vehumet_statue, minmay_temple_entry_slanted,
          uniq_menkaure, uniq_grinder, uniq_blork_the_orc
D:6:      layout_loops_ring, lemuel_coloured_pillars_altar,
          gammafunk_ghost_split

Skill      XL: |  1  2  3  4  5  6  7 |
---------------+----------------------+-----
Crossbows      | 5 6 7 8 9 10 | 10.0
Fighting       | 3 |  3.5
Dodging        | |  2.1
Stealth        | |  0.7

Action                   |  1- 3 |  4- 6 |  7- 9 || total
-------------------------+-------+-------+-------++-------
Melee: Dagger            |       |    11 |     4 ||    15
       Headbutt          |       |     4 |     1 ||     5
 Fire: Hand crossbow     |    89 |   107 |    35 ||   231
Throw: Throwing net      |       |       |     1 ||     1
Evoke: Wand              |       |       |     1 ||     1
Armor: Leather armour    |    10 |       |       ||    10
       Ring mail         |     3 |    11 |    12 ||    26
Dodge: Dodged            |    16 |    36 |    25 ||    77

Table legend: (Time is in decaauts)
 A = Elapsed time spent in this place.
 B = Non-inter-level travel time spent in this place.
 C = Inter-level travel time spent in this place.
 D = Time resting spent in this place.
 E = Time spent auto-exploring this place.
 F = Levels seen in this place.
 G = Mean time per level.
                   A        B        C        D        E       F      G
               +--------+--------+--------+--------+--------+-----+--------+
         Total |   3969 |   3772 |    197 |    676 |   2442 |   6 |  661.5 |
       Dungeon |   3969 |   3772 |    197 |    676 |   2442 |   6 |  661.5 |
               +--------+--------+--------+--------+--------+-----+--------+

Top non-repeatable levels by time:
     D:4: 971 daAuts
     D:1: 970 daAuts
     D:2: 691 daAuts
     D:3: 484 daAuts
     D:5: 458 daAuts
     D:6: 392 daAuts
